[Event "Titled Tuesday Blitz April 25 Early 2023"]
[White "Bryakin, Mikhail"]
[Black "Osinenko, Anton"]
[WhiteFideId "4165314"]
[BlackFideId "4158970"]
[WhiteElo "2447"]
[BlackElo "2294"]
[Result "0-1"]
[Round "10"]
[TimeControl "180+2"]
[Date "2023.04.25"]
[WhiteClock "0:00:36"]
[BlackClock "0:01:20"]

1. e4 Nc6 2. Nf3 e6 3. d4 d5 4. Nc3 Nge7 5. Be2 b6 6. O-O Bb7 7. Bf4 dxe4 8. Nxe4 Ng6 9. Bg3 Be7 10. Nc3 O-O 11. d5 exd5 12. Nxd5 Bd6 13. Ne3 Bxg3 14. hxg3 Re8 15. Qxd8 Raxd8 16. Rad1 Nge5 17. Nxe5 Nxe5 18. Rxd8 Rxd8 19. Rd1 Rxd1+ 20. Bxd1 g6 21. f4 Nd7 22. Bf3 Bxf3 23. gxf3 Kf8 24. Kf2 Ke7 25. Ke2 Nf6 26. g4 Kd6 27. Kd3 Nd5 28. Nc4+ Ke6 29. Ke4 f5+ 30. Kd4 c5+ 31. Kd3 Nxf4+ 32. Kd2 fxg4 33. fxg4 Nd5 34. Ke2 Nb4 35. c3 Nxa2 36. Kd1 h5 37. Ne3 Ke5 38. gxh5 gxh5 39. Kc2 Ke4 40. Ng2 Kf3 41. Nh4+ Kg3 42. Nf5+ Kf4 43. Nh4 Kg4 44. Ng6 h4 45. Ne5+ Kg3 46. Nc4 h3 47. Ne3 h2 48. Nf1+ Kg2 49. Nxh2 Kxh2 50. Kb3 Nxc3 51. Kxc3 b5 52. Kd3 Kg3 53. Ke4 a6 54. Kd5 c4 55. Kc5 Kf3 56. Kb6 b4 57. Kxa6 c3 0-1


[Site "https://www.chess.com"]

[Event "Titled Tuesday Blitz April 25 Early 2023"]
[White "Mirzoev, Azer"]
[Black "Safin, Robert"]
[WhiteFideId "13400304"]
[BlackFideId "34189120"]
[WhiteElo "2525"]
[BlackElo "2245"]
[Result "1/2-1/2"]
[Round "10"]
[TimeControl "180+2"]
[Date "2023.04.25"]
[WhiteClock "0:00:13"]
[BlackClock "0:00:04"]

1. d4 Nf6 2. Bf4 d5 3. e3 c5 4. c3 Qb6 5. Qb3 c4 6. Qc2 g6 7. Nd2 Bf5 8. Qc1 Nc6 9. Ngf3 Bg7 10. Be2 O-O 11. O-O Nh5 12. Bg5 h6 13. Bh4 g5 14. Ne1 Bg6 15. Bg3 Nxg3 16. hxg3 e5 17. b3 cxb3 18. Nxb3 Rac8 19. Qd2 Na5 20. Nc5 Rxc5 21. dxc5 Qxc5 22. Nd3 Bxd3 23. Bxd3 e4 24. Be2 Bxc3 25. Rac1 Rc8 26. Qd1 b5 27. Bg4 Rc7 28. Bf5 b4 29. Qh5 Kg7 30. g4 Nc4 31. Qh2 Qd6 32. Qxd6 Nxd6 33. Rfd1 Rc5 34. Bd7 a5 35. Ba4 Kf6 36. Bb3 Ke5 37. f3 Nc4 38. Kf2 Nb6 39. fxe4 dxe4 40. Bxf7 Rc7 41. Bg8 Rg7 42. Bb3 a4 43. Bc2 Rc7 44. Rb1 Ra7 45. Ke2 Nc4 46. Rf1 Na3 47. Rf5+ Ke6 48. Bxe4 Nxb1 49. Bxb1 b3 50. axb3 a3 51. Ba2 Bb4 52. Rb5 Rc7 53. Rxb4 Rc2+ 54. Kf3 Rxa2 55. Ra4 Kf6 56. Ra6+ Kg7 57. g3 Ra1 58. Ke4 a2 59. b4 Rb1 60. Ra7+ Kg6 61. Ra6+ Kg7 62. Rxa2 Rxb4+ 63. Kf3 Rb1 64. Ra7+ Kg6 65. Ra6+ Kg7 66. Ra4 Rg1 67. e4 Kg6 68. Ra6+ Kg7 69. e5 Re1 70. Ra5 Kg6 71. Ra6+ Kg7 72. Ra5 Kg6 73. Kf2 Re4 74. Kf3 Re1 1/2-1/2


[Site "https://www.chess.com"]

[Event "Titled Tuesday Blitz April 25 Early 2023"]
[White "Shuvalova, Polina"]
[Black "Sharapov, Evgeny"]
[WhiteFideId "24171760"]
[BlackFideId "14103133"]
[WhiteElo "2281"]
[BlackElo "2367"]
[Result "1-0"]
[Round "10"]
[TimeControl "180+2"]
[Date "2023.04.25"]
[WhiteClock "0:00:02"]
[BlackClock "0:00:01"]

1. e4 c5 2. Nf3 d6 3. Bb5+ Bd7 4. Bxd7+ Qxd7 5. O-O Nf6 6. Re1 Nc6 7. b3 g6 8. Bb2 Bg7 9. c4 O-O 10. d4 cxd4 11. Nxd4 Nxd4 12. Bxd4 Qc6 13. Nc3 e5 14. Be3 Nxe4 15. Nxe4 Qxe4 16. Qxd6 Rfd8 17. Qe7 Qc6 18. Rad1 Bf6 19. Qb4 b6 20. h3 Rxd1 21. Rxd1 Rd8 22. Rxd8+ Bxd8 23. Bh6 Qc5 24. Qd2 Qe7 25. Qd5 g5 26. a4 a5 27. Qc6 Qe6 28. Qa8 Qe7 29. Qd5 Qf6 30. h4 gxh4 31. Be3 Kg7 32. Qe4 Be7 33. Qg4+ Kf8 34. Kh2 Bc5 35. Qc8+ Kg7 36. Bxc5 bxc5 37. Qxc5 Qf4+ 38. Kh3 h5 39. Qe3 Qg4+ 40. Kh2 f6 41. c5 Qb4 42. c6 Qb8 43. Qe4 Qc7 44. Qd5 Kf8 45. Kh3 Ke7 46. Kxh4 Qc8 47. g3 1-0


[Site "https://www.chess.com"]

[Event "Titled Tuesday Blitz April 25 Early 2023"]
[White "Javakhadze, Zurab"]
[Black "Arat, Ufuk Sezen"]
[WhiteFideId "13603647"]
[BlackFideId "6309089"]
[WhiteElo "2381"]
[BlackElo "2289"]
[Result "1-0"]
[Round "10"]
[TimeControl "180+2"]
[Date "2023.04.25"]
[WhiteClock "0:00:12"]
[BlackClock "0:00:02"]

1. Nf3 d5 2. g3 Nf6 3. Bg2 c6 4. O-O g6 5. d3 Bg7 6. Nbd2 O-O 7. e4 dxe4 8. dxe4 Bg4 9. h3 Bxf3 10. Qxf3 Nbd7 11. Qe2 e5 12. Nc4 Qc7 13. b3 b5 14. Ne3 Rfd8 15. a4 bxa4 16. Rxa4 Nc5 17. Rc4 Ne6 18. Nd5 Qa5 19. Rxc6 Nxd5 20. exd5 Nd4 21. Qc4 Nxc6 22. dxc6 Rac8 23. Be3 Bf8 24. f4 Rc7 25. fxe5 Qxe5 26. Bf4 Qc5+ 27. Qxc5 Bxc5+ 28. Kh2 Bd6 29. Rd1 Be7 30. Bxc7 Rxd1 31. Bf4 Bd8 32. c7 Bxc7 33. Bxc7 Rd2 34. c4 Rb2 35. c5 Rxb3 36. c6 Kf8 37. Bd8 Ke8 38. c7 Kd7 39. Bd5 Rb2+ 40. Kg1 a5 41. Bxf7 Re2 42. Bc4 Re1+ 43. Kf2 Re5 44. Ba6 1-0


[Site "https://www.chess.com"]

[Event "Titled Tuesday Blitz April 25 Early 2023"]
[White "Reprintsev, Alexander"]
[Black "Lewicki, Miroslaw"]
[WhiteFideId "14100541"]
[BlackFideId "1113380"]
[WhiteElo "2211"]
[BlackElo "2212"]
[Result "1-0"]
[Round "10"]
[TimeControl "180+2"]
[Date "2023.04.25"]
[WhiteClock "0:00:40"]
[BlackClock "0:00:02"]

1. e4 c5 2. b3 d6 3. Bb2 Nc6 4. Bb5 Nf6 5. f3 Bd7 6. Ne2 g6 7. Nbc3 Bg7 8. Nd5 O-O 9. Nxf6+ exf6 10. O-O Ne5 11. Bxd7 Nxd7 12. c4 Qe7 13. d4 Rae8 14. Qd2 Nb8 15. Nf4 Bh6 16. Bc1 Nc6 17. dxc5 dxc5 18. Nxg6 fxg6 19. Qxh6 Qe5 20. Be3 f5 21. Qf4 Qxf4 22. Bxf4 fxe4 23. Bd6 Rf6 24. Bxc5 e3 25. Rfe1 Rfe6 26. Rad1 b6 27. Bd4 e2 28. Rd2 g5 29. Bc3 Re3 30. Rc2 g4 31. fxg4 Rd3 32. g5 Ree3 33. Bf6 Rd1 34. Kf2 Rxe1 35. Kxe1 Nb4 36. Rxe2 Rd3 37. Kf2 Rd1 38. Re8+ Kf7 39. Re7+ Kg6 40. g4 Rd2+ 41. Ke1 Rxh2 42. Rg7# 1-0


[Site "https://www.chess.com"]

[Event "Titled Tuesday Blitz April 25 Early 2023"]
[White "Borgaonkar Akshay"]
[Black "Zhigalko, Sergei"]
[WhiteFideId "25639110"]
[BlackFideId "13502956"]
[WhiteElo "2063"]
[BlackElo "2626"]
[Result "1-0"]
[Round "10"]
[TimeControl "180+2"]
[Date "2023.04.25"]
[WhiteClock "0:00:10"]
[BlackClock "0:00:03"]

1. e4 c5 2. Nf3 Nc6 3. b4 Nxb4 4. c3 Nc6 5. d4 d5 6. exd5 Qxd5 7. Na3 Bg4 8. Nb5 O-O-O 9. Be2 cxd4 10. Nfxd4 Bxe2 11. Qxe2 Nxd4 12. cxd4 Qxg2 13. Rf1 a6 14. Bf4 Kd7 15. Rc1 Qd5 16. Rc7+ Ke8 17. Rxe7+ Nxe7 18. Nc7+ Kd7 19. Nxd5 Nxd5 20. Qg4+ Kc6 21. Kd2 Bb4+ 22. Kd3 Rhe8 23. Rc1+ Kb6 24. Bg3 g6 25. Qf3 f5 26. Qd1 Ka7 27. Qa4 Be7 28. Rb1 Bf6 29. Qb3 Re7 30. Kc2 f4 31. Bxf4 Nxf4 32. Qb6+ Ka8 33. Qxd8+ Ka7 34. Qb6+ Ka8 35. Qxf6 1-0


[Site "https://www.chess.com"]

[Event "Titled Tuesday Blitz April 25 Early 2023"]
[White "Kim, Sergey"]
[Black "Demchenko, Anton"]
[WhiteFideId "13700570"]
[BlackFideId "4160258"]
[WhiteElo "2651"]
[BlackElo "2545"]
[Result "1-0"]
[Round "10"]
[TimeControl "180+2"]
[Date "2023.04.25"]
[WhiteClock "0:00:17"]
[BlackClock "0:00:02"]

1. d4 Nf6 2. c4 d6 3. Nc3 e5 4. Nf3 Nc6 5. e4 Bg4 6. d5 Nd4 7. Be2 Nxe2 8. Qxe2 Be7 9. h3 Bd7 10. O-O O-O 11. Ne1 Kh8 12. Nd3 Ng8 13. f4 exf4 14. Bxf4 f6 15. Be3 Re8 16. c5 Bf8 17. Qf2 a6 18. a4 Ne7 19. Nf4 Ng6 20. Nxg6+ hxg6 21. Rae1 Kg8 22. Bd4 g5 23. b4 Qe7 24. a5 Rac8 25. h4 gxh4 26. Qxh4 Qf7 27. Re3 c6 28. Rg3 dxc5 29. bxc5 Be7 30. d6 Bd8 31. Qh6 Re6 32. Rf4 1-0


[Site "https://www.chess.com"]

[Event "Titled Tuesday Blitz April 25 Early 2023"]
[White "Kuzubov, Yuriy"]
[Black "Bruedigam, Martin"]
[WhiteFideId "14112906"]
[BlackFideId "24608033"]
[WhiteElo "2496"]
[BlackElo "2331"]
[Result "1-0"]
[Round "10"]
[TimeControl "180+2"]
[Date "2023.04.25"]
[WhiteClock "0:00:53"]
[BlackClock "0:00:08"]

1. Nf3 Nf6 2. d4 d5 3. c4 e6 4. Nc3 a6 5. cxd5 exd5 6. Bg5 Be6 7. Bxf6 Qxf6 8. Qb3 Ra7 9. g3 Bd6 10. h4 h6 11. Bh3 Qd8 12. Kf1 O-O 13. Kg2 c6 14. Rae1 b5 15. h5 Re7 16. Nh4 Rfe8 17. Nf5 Bxf5 18. Bxf5 Nd7 19. e3 Nb6 20. Qc2 Qb8 21. b3 a5 22. Ne2 Rc7 23. Rc1 a4 24. Qd2 axb3 25. axb3 c5 26. dxc5 Bxc5 27. Bg4 Rd8 28. Rhd1 b4 29. Bf3 Bf8 30. Rxc7 Qxc7 31. Rc1 Qe5 32. Nd4 Ra8 33. Qd3 Nd7 34. Nc6 Qd6 35. Qxd5 Qxd5 36. Bxd5 Ra2 37. g4 Nf6 38. Bf3 g6 39. hxg6 fxg6 40. Nd4 Rb2 41. Rc6 Be7 42. Rc7 Kf8 43. Ne6+ Kf7 44. Nf4 Ne8 45. Ra7 Rxb3 46. Bd5+ 1-0


[Site "https://www.chess.com"]

[Event "Titled Tuesday Blitz April 25 Early 2023"]
[White "Koellner, Ruben Gideon"]
[Black "Tari, Aryan"]
[WhiteFideId "12993093"]
[BlackFideId "1510045"]
[WhiteElo "2314"]
[BlackElo "2561"]
[Result "1-0"]
[Round "10"]
[TimeControl "180+2"]
[Date "2023.04.25"]
[WhiteClock "0:00:02"]
[BlackClock "0:00:01"]

1. d4 Nf6 2. Nf3 b5 3. e3 a6 4. a4 b4 5. Nbd2 e6 6. Bd3 d5 7. e4 a5 8. c4 bxc3 9. bxc3 Ba6 10. Bxa6 Rxa6 11. e5 Nfd7 12. Ba3 Bxa3 13. Rxa3 O-O 14. O-O Qe7 15. Rb3 Rb6 16. Qc2 Nc6 17. Rfb1 Rfb8 18. g3 h6 19. h4 Rxb3 20. Rxb3 Rb6 21. Rb5 Qa3 22. Qb3 Qa1+ 23. Kg2 Na7 24. Rxb6 Nxb6 25. c4 Qxa4 26. cxd5 exd5 27. Qc3 Nb5 28. Qc6 Kf8 29. e6 fxe6 30. Qxe6 Nxd4 31. Qe5 Nxf3 32. Nxf3 Qd7 33. Nd4 Kg8 34. Nf5 Qf7 35. Ne7+ Kh8 36. Qxc7 Nc4 37. Qd8+ Kh7 38. Nxd5 Qb7 39. Kh2 a4 40. Ne7 1-0


[Site "https://www.chess.com"]

[Event "Titled Tuesday Blitz April 25 Early 2023"]
[White "TartineDeNutella"]
[Black "Quesada Perez, Yuniesky"]
[BlackFideId "3504409"]
[WhiteElo "2633"]
[BlackElo "2585"]
[Result "0-1"]
[Round "10"]
[TimeControl "180+2"]
[Date "2023.04.25"]
[WhiteClock "0:00:17"]
[BlackClock "0:00:16"]

1. d4 d5 2. c4 c6 3. Nc3 Nf6 4. e3 e6 5. cxd5 exd5 6. Nge2 Bd6 7. g3 O-O 8. Bg2 Re8 9. O-O h5 10. h4 Bg4 11. f3 Be6 12. Nf4 Nbd7 13. Nce2 Nf8 14. Bd2 Bf5 15. Rc1 Re7 16. b4 Ng6 17. Qb3 a6 18. a4 Nxf4 19. Nxf4 Qd7 20. Kh2 b5 21. axb5 axb5 22. Ra1 Ree8 23. Qc3 Qb7 24. Nd3 Nd7 25. Nf4 g6 26. Rae1 Nf6 27. Qb3 Ra4 28. Bc3 Qa8 29. Bd2 Ra3 30. Qb2 Ra2 31. Qc1 Rc2 32. Qd1 Qa2 33. Rf2 Bxb4 34. Bxb4 Rxf2 35. Bd6 Rb2 36. Be5 Nd7 37. Bd6 Rb1 38. Qe2 Qxe2 39. Rxe2 Nb6 40. e4 Nc4 41. Bc5 dxe4 42. fxe4 Bg4 43. Rf2 Ne3 44. e5 Nxg2 45. Nxg2 b4 46. Ne3 Be6 47. Ng2 b3 48. Nf4 Ra1 49. Nd3 Ra2 50. Nb2 Rea8 51. Kg1 Rxb2 52. Rxb2 Ra1+ 53. Kf2 Ra2 0-1


[Site "https://www.chess.com"]

[Event "Titled Tuesday Blitz April 25 Early 2023"]
[White "djokovic74"]
[Black "Azarov, Sergei"]
[BlackFideId "13501470"]
[WhiteElo "2626"]
[BlackElo "2475"]
[Result "1-0"]
[Round "10"]
[TimeControl "180+2"]
[Date "2023.04.25"]
[WhiteClock "0:00:53"]
[BlackClock "0:00:13"]

1. e4 c5 2. Nf3 d6 3. d4 cxd4 4. Nxd4 Nf6 5. Nc3 g6 6. Be3 Bg7 7. f3 O-O 8. Qd2 Nc6 9. O-O-O d5 10. Qe1 e5 11. Nxc6 bxc6 12. exd5 Nxd5 13. Bc4 Be6 14. Ne4 Qc7 15. Bc5 Rfd8 16. Qh4 h6 17. g4 Nf4 18. Bxe6 Nxe6 19. Qe7 Qa5 20. Rxd8+ Rxd8 21. Qxa7 Qb5 22. Re1 Rd5 23. Be7 Nd4 24. Qa8+ Kh7 25. Nf6+ 1-0


[Site "https://www.chess.com"]

[Event "Titled Tuesday Blitz April 25 Early 2023"]
[White "Mamedov, Edgar"]
[Black "Kosakowski, Jakub"]
[WhiteFideId "13739980"]
[BlackFideId "1185080"]
[WhiteElo "2330"]
[BlackElo "2488"]
[Result "1/2-1/2"]
[Round "10"]
[TimeControl "180+2"]
[Date "2023.04.25"]
[WhiteClock "0:00:05"]
[BlackClock "0:00:40"]

1. d4 Nf6 2. Bg5 d5 3. e3 c6 4. Nd2 Bg4 5. Ngf3 Nbd7 6. Be2 e6 7. O-O Be7 8. c4 O-O 9. Qc2 Rc8 10. Rfd1 c5 11. dxc5 Nxc5 12. Nd4 Bxe2 13. Nxe2 h6 14. Bf4 Nce4 15. Nxe4 Nxe4 16. Qa4 Rxc4 17. Qxa7 Rc2 18. Re1 Bb4 19. Rac1 Rxb2 20. Rb1 Bxe1 21. Rxb2 Bxf2+ 22. Kf1 Bh4 23. Qxb7 Qa5 24. g3 Bf6 25. Rc2 Nd2+ 26. Kg2 Nc4 27. Qc6 g5 28. Kf2 gxf4 29. Nxf4 Qa7 30. Re2 Nxe3 31. Kf3 Nf5 32. Nxe6 fxe6 33. Qxe6+ Kg7 34. Qxf5 Be7 35. Kg4 Rxf5 36. Kxf5 Qd7+ 37. Kf4 Bd6+ 38. Kf3 Qf5+ 39. Kg2 d4 40. Rf2 Qd5+ 41. Kh3 d3 42. a4 d2 43. Rxd2 Qxd2 44. a5 Qxa5 45. Kg2 Qd2+ 46. Kh3 h5 47. Kh4 Be7+ 48. Kh3 Qe2 49. g4 hxg4+ 50. Kg3 Bd6+ 51. Kh4 Bxh2 52. Kg5 Bd6 53. Kh4 g3 54. Kh3 g2 55. Kh4 Qf2+ 56. Kh3 Qf3+ 57. Kh4 Bg3+ 58. Kg5 Qe4 59. Kh5 g1=N 60. Kg5 Qf5+ 61. Kxf5 Bc7 62. Kg4 Kg6 63. Kh4 Kf5 64. Kh5 Nf3 65. Kh6 Ng5 66. Kh5 Bg3 67. Kh6 Ne6 68. Kh5 Ng7+ 69. Kh6 Kf6 70. Kh7 Kf7 71. Kh8 Bf4 72. Kh7 Ne6 73. Kh8 Nf8 1/2-1/2


[Site "https://www.chess.com"]

[Event "Titled Tuesday Blitz April 25 Early 2023"]
[White "Weetik, Vjacheslav"]
[Black "Odegov, Artem"]
[WhiteFideId "4153472"]
[BlackFideId "34183644"]
[WhiteElo "2469"]
[BlackElo "2300"]
[Result "0-1"]
[Round "10"]
[TimeControl "180+2"]
[Date "2023.04.25"]
[WhiteClock "0:00:06"]
[BlackClock "0:00:05"]

1. d4 d5 2. Bf4 c5 3. e3 Nc6 4. c3 Nf6 5. Nd2 Bf5 6. Ngf3 e6 7. Nh4 Bg4 8. Qb3 Qb6 9. h3 Bh5 10. g4 Bg6 11. Be2 Be7 12. Nxg6 hxg6 13. Kf1 Rc8 14. Kg2 Na5 15. Qa4+ Kf8 16. Rab1 cxd4 17. cxd4 Kg8 18. Nf3 Ne4 19. Ne5 g5 20. Bh2 g6 21. Qd7 Qd8 22. Rhc1 Qxd7 23. Nxd7 Kg7 24. Bd3 Nd2 25. Ra1 f6 26. Nc5 Kf7 27. b4 Bxc5 28. bxc5 Ndc4 29. Rab1 b6 30. Rb5 Rc6 31. Re1 Na3 32. Rb2 N5c4 33. Rbe2 bxc5 34. e4 Rd8 35. exd5 Rxd5 36. Be4 Nb6 37. Bxd5 Nxd5 38. dxc5 Nb5 39. Rc2 Nbc3 40. Rec1 Rxc5 41. Bg3 e5 42. Rb2 Ke6 43. Rb7 Ra5 44. Rc2 f5 45. Rg7 f4 46. Bh2 Kf6 47. Rd7 e4 48. Bg1 Ke6 49. Rb7 f3+ 50. Kg3 Ne2+ 51. Kh2 Nef4 52. Rc6+ Ke5 53. Rc8 Rxa2 54. h4 e3 55. Re8+ Kd4 56. Kg3 Ne2+ 57. Kxf3 Nxg1+ 58. Kg3 exf2 59. Rb1 Ne2+ 60. Kxf2 Nec3+ 61. Kf3 Nxb1 62. h5 gxh5 63. gxh5 Nf6 64. h6 Nxe8 0-1


[Site "https://www.chess.com"]

[Event "Titled Tuesday Blitz April 25 Early 2023"]
[White "Bodnaruk, Anastasia"]
[Black "Bilych, Olexiy"]
[WhiteFideId "4181751"]
[BlackFideId "14156504"]
[WhiteElo "2310"]
[BlackElo "2320"]
[Result "0-1"]
[Round "10"]
[TimeControl "180+2"]
[Date "2023.04.25"]
[WhiteClock "0:00:01"]
[BlackClock "0:00:03"]

1. e4 c5 2. Nc3 Nc6 3. Bb5 Nd4 4. Bc4 e6 5. Nge2 Ne7 6. O-O Nec6 7. d3 Be7 8. f4 O-O 9. Kh1 a6 10. a4 Rb8 11. Nxd4 Nxd4 12. Ne2 b5 13. axb5 axb5 14. Ba2 Bb7 15. c3 Nxe2 16. Qxe2 d5 17. f5 c4 18. dxc4 dxc4 19. Bb1 e5 20. Be3 Bg5 21. Bc5 Re8 22. Bc2 Qc7 23. Bb4 Be7 24. Bxe7 Qxe7 25. f6 gxf6 26. Qg4+ Kh8 27. Qh4 Rg8 28. Qxf6+ Qxf6 29. Rxf6 Rbd8 30. Rxf7 Rd2 31. Rxb7 Rxc2 32. g3 Rd8 33. Rxb5 Rdd2 34. Ra8+ Kg7 35. Rb7+ Kg6 36. Ra6+ Kh5 37. Rxh7+ Kg4 38. Ra1 Rxb2 39. Rf1 Rbc2 40. Rh4+ Kg5 41. Rh8 Rxc3 42. Rg8+ Kh6 43. Rgf8 Kg5 44. Re8 Rcc2 45. Rh8 Kg6 46. h4 Rh2+ 47. Kg1 Rcg2# 0-1


[Site "https://www.chess.com"]

[Event "Titled Tuesday Blitz April 25 Early 2023"]
[White "Janaszak, Dawid"]
[Black "Gunina, Valentina"]
[WhiteFideId "1119206"]
[BlackFideId "4167570"]
[WhiteElo "2220"]
[BlackElo "2352"]
[Result "0-1"]
[Round "10"]
[TimeControl "180+2"]
[Date "2023.04.25"]
[WhiteClock "0:00:11"]
[BlackClock "0:01:30"]

1. e4 c6 2. d4 d5 3. exd5 cxd5 4. Bd3 Nc6 5. c3 e6 6. Nf3 Bd6 7. O-O Nge7 8. Qe2 O-O 9. Nbd2 f6 10. c4 Bd7 11. Re1 Ng6 12. Nf1 Rc8 13. cxd5 exd5 14. a3 Re8 15. Qd1 Rxe1 16. Qxe1 Qb6 17. Bxg6 hxg6 18. Be3 Bg4 19. N1d2 Qxb2 20. Rc1 Qxa3 21. h3 Bd7 22. Rb1 b6 23. Qe2 Nb4 24. Ne1 Bf5 25. Rb3 Qa2 26. g4 Bc2 27. Nxc2 Rxc2 28. Qd1 a5 29. Rb1 a4 30. Ra1 Qb2 31. Kg2 a3 32. Rb1 a2 33. Rxb2 Rxb2 34. Nb3 Rxb3 35. Qxb3 a1=Q 36. Bd2 Qxd4 37. Be3 Qe4+ 38. Kg1 Qc4 39. Qa4 d4 40. Qe8+ Kh7 41. Bh6 Kxh6 42. h4 Kh7 43. h5 Qc1+ 44. Kg2 Qg5 0-1


[Site "https://www.chess.com"]

[Event "Titled Tuesday Blitz April 25 Early 2023"]
[White "Cherniaiev, Tykhon"]
[Black "Gontcharov, Vladislav"]
[WhiteFideId "14182360"]
[BlackFideId "4123492"]
[WhiteElo "2450"]
[BlackElo "2420"]
[Result "1-0"]
[Round "10"]
[TimeControl "180+2"]
[Date "2023.04.25"]
[WhiteClock "0:00:12"]
[BlackClock "0:00:22"]

1. Nf3 Nf6 2. d4 g6 3. Nbd2 d5 4. c4 c6 5. e3 Bg7 6. Bd3 O-O 7. O-O Bg4 8. h3 Bxf3 9. Nxf3 Nbd7 10. b3 e6 11. Bb2 a5 12. Qc2 Re8 13. Rfe1 Qe7 14. a3 Rec8 15. Rac1 Qe8 16. Nd2 b6 17. e4 dxe4 18. Nxe4 Nxe4 19. Bxe4 Qd8 20. Qb1 Rab8 21. Rcd1 Qh4 22. Bf3 b5 23. Qc2 a4 24. bxa4 bxc4 25. Ba1 Nb6 26. a5 Nd5 27. Qxc4 Ra8 28. Bc3 Bf8 29. Bb4 c5 30. Bd2 cxd4 31. Qd3 Nc3 32. Bxa8 Nxd1 33. Rxd1 Rxa8 34. Bb4 e5 35. Qb5 Qf6 36. Re1 Bg7 37. Qd5 Rd8 38. Qb7 Qe6 39. a6 Qc8 40. Ba5 Re8 41. Qxc8 Rxc8 42. a7 Ra8 43. Rb1 Rxa7 44. Rb8+ Bf8 45. Bb4 Kg7 46. Bxf8+ Kf6 47. Rb6+ Kf5 48. f3 h5 49. h4 Rc7 50. Bg7 Rc1+ 51. Kf2 Rc2+ 52. Kg3 e4 53. Rf6+ 1-0


[Site "https://www.chess.com"]

[Event "Titled Tuesday Blitz April 25 Early 2023"]
[White "Weishaeutel, Moritz"]
[Black "Starozhilov, Leonid"]
[WhiteFideId "12967300"]
[BlackFideId "14106752"]
[WhiteElo "2301"]
[BlackElo "2352"]
[Result "1-0"]
[Round "10"]
[TimeControl "180+2"]
[Date "2023.04.25"]
[WhiteClock "0:00:04"]
[BlackClock "0:00:04"]

1. e4 Nc6 2. Nf3 d6 3. d4 Nf6 4. d5 Nb8 5. Nc3 Bg4 6. h3 Bxf3 7. Qxf3 Nbd7 8. Bg5 c6 9. O-O-O Rc8 10. Bxf6 gxf6 11. e5 Nxe5 12. Qg3 h5 13. f4 h4 14. Qf2 Ng6 15. Qxa7 Qc7 16. Bd3 Nxf4 17. Bf5 e6 18. dxe6 fxe6 19. Rhe1 Kf7 20. Bg4 f5 21. Bf3 Bg7 22. Qe3 d5 23. Ne2 Nxg2 24. Qf2 Nxe1 25. Rxe1 Bf6 26. Kb1 Rcg8 27. Nf4 Be5 28. Bh5+ Rxh5 29. Nxh5 Bg3 30. Nxg3 Qxg3 31. Qe2 Rg6 32. a3 e5 33. Rf1 Kf6 34. Qh5 f4 35. Qh8+ Kf5 36. Qc8+ Kf6 37. Qxb7 Kg5 38. Qc8 Kh6 39. Qh8+ Kg5 40. Qd8+ Kh6 41. Qh8+ Kg5 42. Qxe5+ Kh6 43. Rxf4 Qg1+ 44. Ka2 Qg3 45. Qh8+ Kg5 46. Rg4+ Qxg4 47. hxg4 Kxg4 48. Qe8 Rg5 49. Qxc6 h3 50. Qe6+ Kg3 51. Qe3+ Kg4 52. Qg1+ Kh4 53. Qf2+ Kg4 54. a4 Rf5 55. Qe2+ Kg3 56. Qd3+ Kg4 57. Qe2+ Kg3 58. Qe1+ 1-0


[Site "https://www.chess.com"]

[Event "Titled Tuesday Blitz April 25 Early 2023"]
[White "Halkias, Stelios"]
[Black "Dzagnidze, Nana"]
[WhiteFideId "4201809"]
[BlackFideId "13601903"]
[WhiteElo "2451"]
[BlackElo "2406"]
[Result "1/2-1/2"]
[Round "10"]
[TimeControl "180+2"]
[Date "2023.04.25"]
[WhiteClock "0:00:08"]
[BlackClock "0:00:03"]

1. c4 e6 2. Nf3 d5 3. d4 Nf6 4. g3 dxc4 5. Bg2 c5 6. O-O Nc6 7. Ne5 Bd7 8. Nxc4 cxd4 9. Bf4 Nd5 10. Nd6+ Bxd6 11. Bxd6 Bc8 12. Ba3 Nde7 13. Nd2 O-O 14. Rc1 Bd7 15. Qb3 Re8 16. Qxb7 Rb8 17. Qa6 Nb4 18. Qxa7 Bc6 19. Bxb4 Bxg2 20. Kxg2 Rxb4 21. b3 Rb8 22. Nf3 Ra8 23. Qxd4 Qxd4 24. Nxd4 Rxa2 25. Rc2 Rxc2 26. Nxc2 Rb8 27. Rb1 Nd5 28. b4 Nc3 29. Rb3 Nxe2 30. b5 Kf8 31. Na3 Ke7 32. Rb4 Nc3 33. Rc4 Nd5 34. Rc6 h5 35. h4 Kd7 36. Ra6 Rb7 37. Nc4 Rxb5 38. Ne5+ Ke7 39. Ra7+ Kf6 40. f4 Ne7 41. Nd7+ Kg6 42. Ne5+ Kf6 43. Nd7+ Kg6 44. Nf8+ Kf6 45. Nh7+ Kg6 46. Rxe7 Kxh7 47. Rxf7 Kg6 48. Re7 Kf6 49. Re8 Rb3 50. Kh3 g6 51. Rf8+ Ke7 52. Rg8 Kf7 53. Rc8 Kf6 54. Rc6 Rb2 55. Rc5 1/2-1/2


[Site "https://www.chess.com"]

[Event "Titled Tuesday Blitz April 25 Early 2023"]
[White "Papasimakopoulos, Alexandros"]
[Black "Al-Tarboush, Ward"]
[WhiteFideId "4244125"]
[BlackFideId "7601450"]
[WhiteElo "2359"]
[BlackElo "2265"]
[Result "1-0"]
[Round "10"]
[TimeControl "180+2"]
[Date "2023.04.25"]
[WhiteClock "0:02:11"]
[BlackClock "0:02:37"]

1. e4 e6 2. d4 d5 3. e5 c5 4. c3 Nc6 5. Nf3 Qb6 6. Bd3 cxd4 7. O-O Nge7 8. a3 a6 9. b4 Bd7 10. Re1 h6 11. h4 Rc8 12. Bb2 dxc3 13. Nxc3 Ng6 14. Bxg6 fxg6 15. Nxd5 exd5 16. e6 Bxe6 17. Rxe6+ Kf7 18. Qxd5 1-0


[Site "https://www.chess.com"]

[Event "Titled Tuesday Blitz April 25 Early 2023"]
[White "Salman, Pavel"]
[Black "Samunenkov, Ihor"]
[WhiteFideId "24153753"]
[BlackFideId "14187086"]
[WhiteElo "2187"]
[BlackElo "2457"]
[Result "0-1"]
[Round "10"]
[TimeControl "180+2"]
[Date "2023.04.25"]
[WhiteClock "0:01:41"]
[BlackClock "0:00:40"]

1. d4 d5 2. Nc3 Nf6 3. Bf4 e6 4. Nb5 Na6 5. e3 Be7 6. Be2 O-O 7. g4 Ne4 8. f3 Bh4+ 9. Kf1 Nf2 10. Qd2 Nxh1 11. Nh3 g5 12. Kg2 gxf4 13. exf4 Nf2 14. Nxf2 Bxf2 15. Kxf2 c6 16. Nc3 Qh4+ 17. Kg2 Bd7 18. Nd1 Kh8 19. c3 f6 20. Qe3 Rae8 21. Nf2 Nc7 22. Rg1 e5 23. dxe5 fxe5 24. fxe5 Ne6 25. Kh1 Nf4 26. Bf1 Qe7 27. Nd3 Nxd3 28. Bxd3 Qxe5 29. Qxa7 Qe3 30. Qxe3 Rxe3 31. Rd1 Rfxf3 32. Bf1 Bxg4 33. Kg2 Rxf1 34. Rxf1 Bh3+ 35. Kf2 Bxf1 36. Kxe3 c5 37. b4 b6 38. a4 d4+ 39. cxd4 cxb4 40. d5 b3 41. d6 Bh3 42. Kd2 Kg7 43. Kc3 Kf6 44. Kxb3 Ke6 45. Kb4 Kxd6 46. a5 bxa5+ 47. Kxa5 Ke5 48. Kb4 Ke4 49. Kc3 Kf3 50. Kd2 Kg2 51. Ke1 Bg4 52. Kd2 Kxh2 53. Ke3 Kg3 54. Kd2 h5 55. Ke1 Kg2 0-1


[Site "https://www.chess.com"]

[Event "Titled Tuesday Blitz April 25 Early 2023"]
[White "Leenhouts, Koen"]
[Black "Prohaszka, Peter"]
[WhiteFideId "1008439"]
[BlackFideId "726265"]
[WhiteElo "2409"]
[BlackElo "2626"]
[Result "1-0"]
[Round "10"]
[TimeControl "180+2"]
[Date "2023.04.25"]
[WhiteClock "0:00:07"]
[BlackClock "0:00:07"]

1. d4 d5 2. c4 e6 3. Nc3 a6 4. cxd5 exd5 5. Bf4 c6 6. Nf3 Bd6 7. e3 Bxf4 8. exf4 Bg4 9. Be2 Bxf3 10. Bxf3 Nd7 11. O-O Ne7 12. Re1 O-O 13. Qd2 Nf6 14. Re2 Nf5 15. g3 Re8 16. Re5 Nd6 17. Rae1 Qd7 18. b3 Rad8 19. Kg2 Qc7 20. Qc2 Qb8 21. h4 Nd7 22. R5e3 Rxe3 23. Rxe3 Re8 24. Qe2 Rxe3 25. fxe3 Nf6 26. g4 Qe8 27. g5 Nfe4 28. Bxe4 Nxe4 29. Nxe4 Qxe4+ 30. Kg3 Kf8 31. Kf2 Qf5 32. Qd2 Qe6 33. Qb4+ Qe7 34. Qb6 h5 35. b4 Qd7 36. a4 Ke8 37. Ke1 f6 38. Kd2 Kf7 39. Qa7 Qe7 40. Qb8 Qxb4+ 41. Ke2 Qe7 42. Qc8 fxg5 43. hxg5 g6 44. a5 Kg7 45. Kf2 Kh7 46. Ke2 Kg7 47. Kf2 Kf7 48. Ke2 h4 49. Kf2 h3 50. Qxh3 1-0


[Site "https://www.chess.com"]